 Dungeon Crawl Stone Soup version 0.31-a0-162-gc4c5a43528 (webtiles) character file.

Game seed: 8088379772702866339

147 qw the Shooter (level 5, -2/32 HPs)
             Began as a Gargoyle Hunter on June 12, 2023.
             Slain by an orc
             ... wielding a +0 flail
              (3 damage)
             ... on level 3 of the Dungeon.
             The game lasted 00:00:44 (1474 turns).

qw the Shooter (Gargoyle Hunter)                    Turns: 1474, Time: 00:00:44

Health: -2/32      AC:  9    Str: 14    XL:     5   Next: 29%
Magic:  5/5        EV: 10    Int: 10    God:
Gold:   134        SH:  0    Dex: 15    Spells: 4/4 levels left

rFire   . . .        Y - +0 arbalest
rCold   . . .        (shield currently unavailable)
rNeg    + . .        i - +0 ring mail
rPois   inf          (no helmet)
rElec   +            (no cloak)
rCorr   .            (no gloves)
SInv    .            (no boots)
Will    .....        (no amulet)
Stlth   +            (no ring)
HPRegen 0.25/turn    (no ring)
MPRegen 0.09/turn

%: no passive effects
@: no status effects
A: sickness immunity, AC +4, negative energy resistance 1, electricity
resistance, torment resistance 1, petrification resistance
a: no special abilities


You were on level 3 of the Dungeon.
You visited 1 branch of the dungeon, and saw 3 of its levels.

You collected 134 gold pieces.


Innate Abilities, Weirdness & Mutations

You are immune to sickness and miasma.
Your stone body is resilient. (AC +4)
You are immune to poison.
You resist negative energy. (rN+)
You are resistant to electric shocks. (rElec)
You are resistant to unholy torment.
You are immune to petrification.


   Skills:
 - Level 3.0 Fighting
 - Level 6.1 Ranged Weapons
 + Level 0.2 Armour
 - Level 1.5 Dodging
 - Level 1.1 Stealth


You had 4 spell levels left.
You didn't know any spells.
Your spell library was empty.

Inventory:

Hand Weapons
 Y - a +0 arbalest (weapon)
Armour
 i - a +0 ring mail (worn)
Scrolls
 c - a scroll of teleportation {unknown}
Potions
 a - a potion of berserk rage {unknown}
 b - a potion of cancellation {unknown}
 d - a potion of haste {unknown}
 e - a potion of curing
 f - a potion of mutation {unknown}
 g - a potion of lignification {unknown}
 h - a potion of might {unknown}

Dungeon Overview and Level Annotations

Branches:
Dungeon (3/15)

Altars:
Ru


Message History

A puff of flame appears from out of thin air!
The puff of flame hits you but does no damage.
You shoot a bolt. The bolt barely misses the bat.
The bat hits you but does no damage. The bat barely misses you.
The orc hits you but does no damage. Something hits you but does no damage.
The orc hits you with a +0 flail! The bat hits you.
Something completely misses you.
You shoot a bolt. The bolt closely misses the bat.
The bat barely misses you. The bat hits you. The orc closely misses you.
The orc hits you but does no damage.
You hear some strange, mumbled words.
Something tries to affect you, but you resist.
The bat closely misses you. The bat hits you but does no damage.
The orc hits you but does no damage. x2
You hear some strange, mumbled words.
A magic dart appears from out of thin air!
The magic dart hits you but does no damage.
The orc barely misses you.
You shoot a bolt. The bolt closely misses the bat.
The bat barely misses you. x2; The bat hits you but does no damage.
The orc hits you with a +0 flail. Something hits you.
The orc hits you but does no damage. The orc closely misses you.
The bat barely misses you. The bat misses you.
You shoot a bolt. The bolt misses the bat.
The bat closely misses you. x2; The bat misses you.
The orc barely misses you. The orc hits you with a +0 hand axe.
Something hits you but does no damage. The orc hits you but does no damage.
The orc closely misses you. The orc hits you but does no damage.
Something hits you. The orc closely misses you.
You shoot a bolt. The bolt closely misses the bat.
The bat hits you but does no damage. x2; The orc hits you but does no damage.
The orc hits you with a +0 hand axe. Something hits you but does no damage.
The orc hits you but does no damage. The bat hits you but does no damage.
The orc barely misses you. The orc hits you but does no damage.
Something hits you but does no damage. The orc hits you with a +0 hand axe.
You shoot a bolt. The bolt hits the bat!
You kill the bat!
The bat hits you but does no damage. The bat hits you.
The orc hits you but does no damage. The orc hits you with a +0 flail.
You die...

.........................#
................#........#
...............##........#
...............##........#
...............##.....####
#.############...........#
... ###.............## ...
......ob%........># ...
......o@........#.# ...
...(..{o........# # ...
.....#..........# ##. ....
#..........# # .).
#..........# ..
#..........# .
#..........# #..........#


You could see 3 orcs and a bat.

Vanquished Creatures
  Natasha (thrice) (D:2)
  2 adders (D:2)
  A worm (D:2)
  A dart slug (D:1)
  An orc (D:3)
  An endoplasm (D:1)
  A giant cockroach (D:3)
  7 hobgoblins
  2 jackals (D:1)
  3 quokkas (D:1)
  3 ball pythons
  3 bats
  5 frilled lizards
  5 goblins
  9 kobolds
  6 rats
53 creatures vanquished.

Notes
Turn   | Place    | Note
-------+----------+-------------------------------------------
     0 | D:1      | qw the Gargoyle Hunter began the quest for the Orb.
     0 | D:1      | Reached XP level 1. HP: 12/12 MP: 1/1
     0 | D:1      | 0 ||| qw: Version: 0.2-a-29-gc1b59c4
     0 | D:1      | 0 ||| qw: Game counter: 4401
     0 | D:1      | 0 ||| qw: Always use a shield: true
     0 | D:1      | 0 ||| qw: God list: Okawaru
     0 | D:1      | 0 ||| qw: Allow faded altars: false
     0 | D:1      | 0 ||| qw: Do Orc after D:15 true
     0 | D:1      | 0 ||| qw: Do second Lair branch before Depths: true
     0 | D:1      | 0 ||| qw: Lair rune preference: random
     0 | D:1      | 0 ||| qw: Plans: Normal, Zot:1-4, Slime:5, God:TSO, Crypt,
                  | Tomb, Abyss, Pan, Hells, Win
     0 | D:1      | 0 ||| PLANNING D:1-11
    77 | D:1      | Reached XP level 2. HP: 15/17 MP: 2/2
   190 | D:1      | Found a faded altar of an unknown god.
   620 | D:1      | 620 ||| READING scroll labelled DEPA YDASUC.
   621 | D:1      | 621 ||| READING scroll labelled ZYJEDYPLERPH.
   622 | D:1      | 622 ||| DRINKING 2 blue potions.
   623 | D:1      | 623 ||| DROPPING scroll of butterflies.
   667 | D:2      | Reached XP level 3. HP: 21/21 MP: 3/3
   687 | D:2      | Noticed Natasha
   688 | D:2      | 688 ||| Stepping ~*~*~tactically~*~*~ (outnumbered).
   695 | D:2      | Killed Natasha
   696 | D:2      | Reached skill level 5 in Ranged Weapons
   763 | D:2      | Reached XP level 4. HP: 26/27 MP: 4/4
   774 | D:2      | Identified the +0 scale mail of Hide-and-Seek {Drain Str+3}
   808 | D:2      | Found a sacrificial altar of Ru.
   843 | D:2      | Reached skill level 3 in Fighting
   994 | D:2      | Noticed Natasha
   995 | D:2      | 995 ||| SWAPPING to +0 arbalest.
   996 | D:2      | 996 ||| FLEEEEING.
  1005 | D:2      | 1005 ||| FLEEEEING.
  1011 | D:2      | Killed Natasha
  1041 | D:2      | 1041 ||| DROPPING +0 shortbow.
  1069 | D:2      | Reached XP level 5. HP: 32/32 MP: 5/5
  1219 | D:2      | Noticed Natasha
  1221 | D:2      | Killed Natasha
  1222 | D:2      | Reached skill level 6 in Ranged Weapons
  1254 | D:2      | 1254 ||| UPGRADING to +0 ring mail.
  1264 | D:2      | 1264 ||| DROPPING +0 leather armour.
  1265 | D:2      | 1265 ||| READING scroll labelled OKUSUIHILO.
  1266 | D:2      | 1266 ||| READING scroll labelled SAKEVAO TUMILL.
  1267 | D:2      | 1267 ||| READING scroll labelled ZODUFO VISOR.
  1268 | D:2      | 1268 ||| READING scroll labelled XISIPL BENADD.
  1422 | D:3      | Identified the +7 dagger of Tenacity {holy, rN+ Will+}
  1472 | D:3      | HP: 6/32 [orc/+0 hand axe (4)]
  1473 | D:3      | HP: 2/32 [orc/+0 hand axe (1)]
  1474 | D:3      | Slain by an orc

Levels and vault maps discovered:
D:1:      scummos_arrival_forest, layout_loops_cross, basic_ecumenical_altar,
          st_stairs_2, minmay_pentomino_r2
D:2:      layout_basic, basic_altar, minmay_unequal, uniq_natasha
D:3:      layout_basic, general_overflow_altar

Skill      XL: |  1  2  3  4  5 |
---------------+----------------+-----
Ranged Weapons | 5 6 |  6.1
Fighting       | 3 |  3.0
Armour         | |  0.2
Dodging        | |  1.5
Stealth        | |  1.1

Action                     |  1- 3 |  4- 6 || total
---------------------------+-------+-------++-------
   Fire: Shortbow          |    87 |    41 ||   128
         Arbalest          |       |    40 ||    40
    Use: Scroll            |     2 |     4 ||     6
         Potion            |     1 |       ||     1
 Armour: Leather armour    |    19 |    11 ||    30
         Ring mail         |       |    35 ||    35
  Dodge: Dodged            |    32 |    44 ||    76

Table legend:
 A = Non-vault XP
 B = Vault XP
 C = Vault XP percentage of total XP
 D = Non-vault monster count
 E = Vault monster count
 F = Vault count percentage of total count
                 A         B        C        D         E       F
            +---------+---------+-------+---------+---------+-------
      Total |     152 |      61 |  28.6 |      44 |       9 |  17.0
            +---------+---------+-------+---------+---------+-------
        D:1 |      24 |       9 |  27.3 |      15 |       5 |  25.0
        D:2 |     121 |      52 |  30.1 |      26 |       4 |  13.3
        D:3 |       7 |       0 |   0.0 |       3 |       0 |   0.0
            +---------+---------+-------+---------+---------+-------
